Flames vs Capitals
Created - December 31, 2020 at 20:38
Goals
|
| Flames |
2 |
0 |
0 |
0 |
1 |
3 |
| Capitals |
1 |
1 |
0 |
0 |
0 |
2 |
|
Shots
|
| Flames |
16 |
17 |
5 |
0 |
5 |
38 |
| Capitals |
13 |
6 |
8 |
1 |
5 |
28 |
|
1st period
1. Flames , Alexander Semin 14 (Alexander Radulov 17, Patrik Berglund 12) at 8:40
2. Flames , Derek Meech 4 (Brad Marchand 14, Patrik Berglund 13) at 9:24 (PP)
3. Capitals , Alexander Steen 13 (Derek Roy 32) at 19:02
Penalties :
Erik Johnson (Cal) for Roughing (Minor) at 2:01, Ondrej Palat (Was) for Cross-checking (Minor) at 8:47
2nd period
4. Capitals , Derek Roy 14 (Joe Pavelski 17) at 9:42 (PP)
Penalties :
Christian Folin (Cal) for Delaying the game (Minor) at 0:22, Colby Robak (Cal) for Hooking (Minor) at 9:38, Ondrej Palat (Was) for Delaying the game (Minor) at 16:23
3rd period
No Goal
Penalties :
Blake Wheeler (Was) for Holding (Minor) at 0:26, Mike Green (Was) for Slashing (Minor) at 2:57, Blake Wheeler (Was) for Hooking (Minor) at 12:21, David Backes (Cal) for Hooking (Minor) at 15:50
Overtime #1
No Goal
Penalties :
No Penalty
Shootout
Flames, Eric Staal - Stopped by Keith Kinkaid
Capitals, Joe Pavelski - Stopped by Henrik Lundqvist
Flames, Alexander Semin - Stopped by Keith Kinkaid
Capitals, Derek Roy - Stopped by Henrik Lundqvist
Flames, David Backes - Stopped by Keith Kinkaid
Capitals, Jason Pominville - Stopped by Henrik Lundqvist
Flames, Brad Marchand - Stopped by Keith Kinkaid
Capitals, Patrick Sharp - Shot Misses the Net
Flames, Patrik Berglund - Goal!
Capitals, Ryan Getzlaf - Stopped by Henrik Lundqvist
Penalties :
No Penalty
Goalie Stats
Henrik Lundqvist (Cal), 26 saves from 28 shots - (0.929), W, 17-4-3, 65:00 minutes
Keith Kinkaid (Was), 36 saves from 38 shots - (0.947), OTL, 10-3-1, 65:00 minutes
Players Stats for Flames
Player Name G A P +/- PIM S H SB GA TA FO MP PP MP PK MP
------------------------------------------------------------------------------------
Alexander Radulov 0 1 1 1 0 3 1 1 1 1 0/0 17:45 4:26 0:00
Alexander Semin 1 0 1 1 0 6 2 1 0 0 2/2 23:58 4:31 3:00
Anders Lee 0 0 0 0 0 0 0 0 1 0 0/4 7:30 0:00 0:24
Brad Marchand 0 1 1 0 0 1 0 0 1 0 2/3 23:10 3:37 1:00
Brendan Mikkelson 0 0 0 -1 0 2 2 0 0 1 0/0 13:04 0:00 0:53
Christian Folin 0 0 0 -1 2 0 0 0 1 2 0/0 12:29 0:00 0:25
Colby Robak 0 0 0 1 2 2 0 0 0 1 0/0 22:32 3:15 2:24
Colin Wilson 0 0 0 -1 0 0 1 0 0 0 2/8 11:00 0:23 2:39
David Backes 0 0 0 0 2 5 0 0 1 0 0/0 19:06 0:08 1:58
David Ullstrom 0 0 0 0 0 0 1 0 0 0 1/2 9:34 0:49 0:00
Derek Meech 1 0 1 1 0 1 0 1 0 1 0/0 22:38 3:15 2:28
Eric Staal 0 0 0 0 0 4 2 1 0 0 14/30 23:57 3:59 0:00
Erik Johnson 0 0 0 0 2 6 0 2 0 3 0/0 29:09 5:18 2:19
Jimmy Hayes 0 0 0 -1 0 0 2 0 0 0 0/1 11:42 3:53 0:00
Kyle Palmieri 0 0 0 0 0 1 2 0 0 0 0/0 6:54 0:00 0:00
Patrik Berglund 0 2 2 1 0 3 0 1 0 0 14/25 20:51 3:53 2:54
Sami Vatanen 0 0 0 0 0 2 0 2 1 3 0/0 30:12 5:18 3:33
Steve Regier 0 0 0 -1 0 2 0 0 0 0 0/0 8:24 0:00 0:07
Players Stats for Capitals
Player Name G A P +/- PIM S H SB GA TA FO MP PP MP PK MP
------------------------------------------------------------------------------------
Alexander Steen 1 0 1 0 0 3 2 0 1 1 1/3 14:55 0:00 1:07
Blake Wheeler 0 0 0 0 4 2 3 0 0 0 0/0 15:33 2:48 0:00
Brent Burns 0 0 0 -1 0 0 0 1 0 0 0/0 31:03 3:55 5:19
Derek Roy 1 1 2 0 0 6 0 1 2 0 15/29 25:25 3:13 5:14
Jason Pominville 0 0 0 0 0 1 1 1 2 0 2/6 20:58 2:48 2:03
Joe Pavelski 0 1 1 0 0 3 1 1 0 2 10/15 23:41 3:13 4:30
Marc-Édouard Vlasic 0 0 0 1 0 0 1 2 0 0 0/0 16:44 0:00 0:35
Mike Green 0 0 0 1 2 0 0 1 3 1 0/0 28:53 3:55 3:49
Mike Hoffman 0 0 0 0 0 0 0 0 0 0 0/0 5:50 0:00 0:00
Mikko Koivu 0 0 0 0 0 0 0 0 0 0 2/5 8:32 0:00 1:48
Ondrej Palat 0 0 0 0 4 1 0 0 0 0 0/0 11:42 0:00 0:00
Patrick Sharp 0 0 0 0 0 5 0 0 0 1 1/2 20:03 3:13 2:03
Ryan Getzlaf 0 0 0 0 0 2 2 1 1 0 4/7 12:55 0:00 0:00
Ryan Nugent-Hopkins 0 0 0 0 0 1 1 0 1 0 5/8 15:25 2:48 0:21
Ryan Suter 0 0 0 0 0 1 1 0 0 0 0/0 17:59 2:06 3:01
T.J. Oshie 0 0 0 0 0 3 1 0 1 0 0/0 6:17 0:00 0:00
Torey Krug 0 0 0 -1 0 0 1 4 0 0 0/0 19:32 2:06 0:13
Trevor Daley 0 0 0 0 0 0 0 0 1 1 0/0 15:55 0:00 4:09
3 Stars
1 - Keith Kinkaid (Was)
2 - Alexander Semin (Cal)
3 - Derek Roy (Was)
Power Play
Flames - 1 on 5 Attempt(s) - 20.00%
Capitals - 1 on 4 Attempt(s) - 25.00%
Penalty Kill
Flames - 3 on 4 Attempt(s) - 75.00%
- Score 0 goal in Penalty Kill
Capitals - 4 on 5 Attempt(s) - 80.00%
- Score 0 goal in Penalty Kill
Team Stat
Flames - Hits : 13 - Faceoff Wins : 35 - Blocked Shots : 9 - Penalty Minutes : 8
Capitals - Hits : 14 - Faceoff Wins : 40 - Blocked Shots : 12 - Penalty Minutes : 10
Official
Referees : Unknown
Linesman : Unknown
Game Notes
No Game Note
Finance
Level 1 -- Attendance: 5629 (93.82%) -- Ticket Income $574,158
Level 2 -- Attendance: 5000 (100.00%) -- Ticket Income $260,000
Level 3 -- Attendance: 1988 (99.40%) -- Ticket Income $83,496
Level 4 -- Attendance: 4000 (100.00%) -- Ticket Income $104,000
Luxury Box -- Attendance: 758 (75.80%) -- Ticket Income $146,294
Game was played at the Verizon Center.
Total Attendance: 17375 (96.53%)
Total Ticket Income: $1,167,948
Other Income: $175,192
Total Income: $1,343,140
Flames
5 vs 5 Forward
Center Left Wing Right Wing Time % Phy DF OF
1 Eric Staal Brad Marchand David Backes 40 1 2 2
2 Patrik Berglund Alexander Semin Alexander Radulov 33 1 2 2
3 Colin Wilson Steve Regier Jimmy Hayes 19 1 2 2
4 Anders Lee David Ullstrom Kyle Palmieri 8 1 2 2
5 vs 5 Defense
Defense Defense Time % Phy DF OF
1 Erik Johnson Sami Vatanen 38 1 2 2
2 Derek Meech Colby Robak 29 2 2 1
3 Christian Folin Brendan Mikkelson 23 2 2 1
4 Derek Meech Colby Robak 10 2 2 1
PowerPlay Forward
Center Left Wing Right Wing Time % Phy DF OF
1 Eric Staal Alexander Semin Alexander Radulov 60 1 2 2
2 Patrik Berglund Brad Marchand Jimmy Hayes 40 1 2 2
PowerPlay Defense
Defense Defense Time % Phy DF OF
1 Erik Johnson Sami Vatanen 60 1 2 2
2 Derek Meech Colby Robak 40 1 2 2
Penalty Kill 4 Players Forward
Center Wing Time % Phy DF OF
1 Patrik Berglund David Backes 50 1 3 1
2 Colin Wilson Alexander Semin 50 1 3 1
Penalty Kill 4 Players Defense
Defense Defense Time % Phy DF OF
1 Erik Johnson Sami Vatanen 58 1 3 1
2 Derek Meech Colby Robak 42 1 3 1
Penalty Kill - 3 Players Forward
Forward Time % Phy DF OF
1 Eric Staal 50 1 4 0
2 Brad Marchand 50 1 4 0
Penalty Kill - 3 Players Defense
Defense Defense Time % Phy DF OF
1 Erik Johnson Sami Vatanen 58 1 4 0
2 Derek Meech Colby Robak 42 1 4 0
4 vs 4 Forward
Center Wing Time % Phy DF OF
1 Eric Staal Alexander Semin 60 2 2 1
2 Patrik Berglund Brad Marchand 40 2 2 1
4 vs 4 Defense
Defense Defense Time % Phy DF OF
1 Erik Johnson Sami Vatanen 60 2 2 1
2 Derek Meech Colby Robak 40 2 2 1
Last Minutes Offensive
Center Left Wing Right Wing Defense Defense
Eric Staal Alexander Semin David Backes Erik Johnson Sami Vatanen
Last Minutes Defensive
Center Left Wing Right Wing Defense Defense
Eric Staal Alexander Semin David Backes Erik Johnson Sami Vatanen
Goaltenders
Starting : Henrik Lundqvist
Backup : Christopher Gibson
Extra Forwards
Normal : Brad Marchand, Alexander Semin, David Ullstrom - PP : David Ullstrom, Colin Wilson - PK : Brad Marchand
Extra Defensemen
Normal : Sami Vatanen, Derek Meech, Colby Robak - PP : Derek Meech - PK : Brendan Mikkelson, Christian Folin
Penalty Shots
Eric Staal, Alexander Semin, David Backes, Brad Marchand, Patrik Berglund
Scratches
None
Capitals
5 vs 5 Forward
Center Left Wing Right Wing Time % Phy DF OF
1 Derek Roy Alexander Steen Jason Pominville 40 1 2 2
2 Ryan Getzlaf Patrick Sharp Joe Pavelski 30 1 2 2
3 Ryan Nugent-Hopkins Ondrej Palat Blake Wheeler 25 1 2 2
4 Mikko Koivu Mike Hoffman T.J. Oshie 5 1 2 2
5 vs 5 Defense
Defense Defense Time % Phy DF OF
1 Torey Krug Brent Burns 40 1 2 2
2 Marc-Édouard Vlasic Mike Green 35 1 2 2
3 Trevor Daley Ryan Suter 25 1 2 2
4 Mike Green Brent Burns 0 1 2 2
PowerPlay Forward
Center Left Wing Right Wing Time % Phy DF OF
1 Derek Roy Patrick Sharp Joe Pavelski 60 1 2 2
2 Ryan Nugent-Hopkins Blake Wheeler Jason Pominville 40 1 2 2
PowerPlay Defense
Defense Defense Time % Phy DF OF
1 Mike Green Brent Burns 60 1 2 2
2 Torey Krug Ryan Suter 40 1 2 2
Penalty Kill 4 Players Forward
Center Wing Time % Phy DF OF
1 Joe Pavelski Derek Roy 60 1 2 2
2 Jason Pominville Patrick Sharp 40 1 2 2
Penalty Kill 4 Players Defense
Defense Defense Time % Phy DF OF
1 Mike Green Brent Burns 60 1 2 2
2 Trevor Daley Ryan Suter 40 1 2 2
Penalty Kill - 3 Players Forward
Forward Time % Phy DF OF
1 Joe Pavelski 60 1 2 2
2 Derek Roy 40 1 2 2
Penalty Kill - 3 Players Defense
Defense Defense Time % Phy DF OF
1 Mike Green Brent Burns 60 1 2 2
2 Trevor Daley Ryan Suter 40 1 2 2
4 vs 4 Forward
Center Wing Time % Phy DF OF
1 Joe Pavelski Derek Roy 60 1 2 2
2 Jason Pominville Patrick Sharp 40 1 2 2
4 vs 4 Defense
Defense Defense Time % Phy DF OF
1 Mike Green Brent Burns 60 1 2 2
2 Torey Krug Ryan Suter 40 1 2 2
Last Minutes Offensive
Center Left Wing Right Wing Defense Defense
Derek Roy Patrick Sharp Joe Pavelski Mike Green Brent Burns
Last Minutes Defensive
Center Left Wing Right Wing Defense Defense
Derek Roy Patrick Sharp Joe Pavelski Mike Green Brent Burns
Goaltenders
Starting : Keith Kinkaid
Backup : Tuukka Rask
Extra Forwards
Normal : Joe Pavelski, Blake Wheeler, Mikko Koivu - PP : Derek Roy, Blake Wheeler - PK : Mikko Koivu
Extra Defensemen
Normal : Marc-Édouard Vlasic, Mike Green, Trevor Daley - PP : Marc-Édouard Vlasic - PK : Brent Burns, Trevor Daley
Penalty Shots
Joe Pavelski, Derek Roy, Jason Pominville, Patrick Sharp, Ryan Getzlaf
Scratches
None
% Time on Ice - Flames
Lines # - Real PCT - Wanted PCT - Time Play
Normal Forward
1 - 39% - 40% - 17:31
2 - 29% - 33% - 13:16
3 - 17% - 19% - 7:45
4 - 15% - 8% - 6:54
Normal Defense
1 - 40% - 38% - 17:59
2 - 28% - 29% - 12:45
3 - 27% - 23% - 12:04
4 - 6% - 10% - 2:38
PP Forward
1 - 55% - 60% - 4:40
2 - 45% - 40% - 3:53
PP Defense
1 - 62% - 60% - 5:18
2 - 38% - 40% - 3:15
PK Forward
1 - 56% - 50% - 3:22
2 - 44% - 50% - 2:39
PK Defense
1 - 60% - 58% - 3:37
2 - 40% - 42% - 2:24
PK3 Forward
1 - 0% - 50%
2 - 0% - 50%
PK3 Defense
1 - 0% - 58%
2 - 0% - 42%
44 Forward
1 - 81% - 60% - 4:03
2 - 19% - 40% - 0:57
44 Defense
1 - 70% - 60% - 3:29
2 - 30% - 40% - 1:31
Last Minute Offensive - 0:00
Last Minute Defensive - 0:00
Total
Forward - 65:00
Defense - 65:00
|
% Time on Ice - Capitals
Lines # - Real PCT - Wanted PCT - Time Play
Normal Forward
1 - 30% - 40% - 13:43
2 - 32% - 30% - 14:39
3 - 25% - 25% - 11:14
4 - 13% - 5% - 5:50
Normal Defense
1 - 41% - 40% - 18:51
2 - 33% - 35% - 15:05
3 - 25% - 25% - 11:30
4 - 0% - 0% - 0:00
PP Forward
1 - 53% - 60% - 3:13
2 - 47% - 40% - 2:48
PP Defense
1 - 65% - 60% - 3:55
2 - 35% - 40% - 2:06
PK Forward
1 - 76% - 60% - 6:30
2 - 24% - 40% - 2:03
PK Defense
1 - 65% - 60% - 5:32
2 - 35% - 40% - 3:01
PK3 Forward
1 - 0% - 60%
2 - 0% - 40%
PK3 Defense
1 - 0% - 60%
2 - 0% - 40%
44 Forward
1 - 69% - 60% - 3:27
2 - 31% - 40% - 1:33
44 Defense
1 - 73% - 60% - 3:38
2 - 27% - 40% - 1:22
Last Minute Offensive - 0:00
Last Minute Defensive - 0:00
Total
Forward - 65:00
Defense - 65:00
|
Play-by-Play
1st period
0:01 of 1st period - Eric Staal wins face-off versus Derek Roy in neutral zone.
0:10 of 1st period - Slapshot by Eric Staal.
0:10 of 1st period - Shot Misses the Net.
0:12 of 1st period - Snap shot by Erik Johnson.
0:12 of 1st period - Stopped by Keith Kinkaid with a rebound.
0:14 of 1st period - Slapshot by Erik Johnson.
0:14 of 1st period - Stopped by Keith Kinkaid with a rebound.
0:16 of 1st period - Snap shot by David Backes.
0:16 of 1st period - Shot Misses the Net.
1:32 of 1st period - Snap shot by Eric Staal.
1:32 of 1st period - Stopped by Keith Kinkaid without a rebound.
1:33 of 1st period - Eric Staal wins face-off versus Ryan Getzlaf in Capitals zone.
2:01 of 1st period - Minor Penalty to Erik Johnson for Roughing.
2:02 of 1st period - Joe Pavelski wins face-off versus Colin Wilson in Flames zone.
3:05 of 1st period - Colby Robak is hit by Jason Pominville and loses puck.
4:00 of 1st period - Jason Pominville is hit by Brendan Mikkelson and loses puck.
4:01 of 1st period - Penalty to Erik Johnson is over, Erik Johnson is back on ice.
4:20 of 1st period - Icing by Blake Wheeler.
4:21 of 1st period - Ryan Nugent-Hopkins wins face-off versus Anders Lee in Capitals zone.
4:34 of 1st period - Brent Burns is hit by Brendan Mikkelson and loses puck.
4:46 of 1st period - Off-side.
4:47 of 1st period - Patrick Sharp wins face-off versus Colin Wilson in neutral zone.
5:00 of 1st period - Wrist shot by Joe Pavelski.
5:00 of 1st period - Shot Blocked by Sami Vatanen.
5:39 of 1st period - Brad Marchand is hit by Alexander Steen and loses puck.
5:52 of 1st period - Wrist shot by Erik Johnson.
5:52 of 1st period - Deflect By Torey Krug.
5:52 of 1st period - Stopped by Keith Kinkaid with a rebound.
5:54 of 1st period - Wrist shot by David Ullstrom.
5:54 of 1st period - Shot Misses the Net.
5:56 of 1st period - Slapshot by Sami Vatanen.
5:56 of 1st period - Stopped by Keith Kinkaid without a rebound.
5:57 of 1st period - Alexander Semin wins face-off versus Mikko Koivu in Capitals zone.
5:58 of 1st period - Snap shot by Patrik Berglund.
5:58 of 1st period - Stopped by Keith Kinkaid with a rebound.
6:00 of 1st period - Backhand shot by Derek Meech.
6:00 of 1st period - Shot Blocked by Mike Green.
6:02 of 1st period - Snap shot by Alexander Semin.
6:02 of 1st period - Stopped by Keith Kinkaid with a rebound.
6:24 of 1st period - Derek Meech is hit by Marc-Édouard Vlasic and loses puck.
6:33 of 1st period - Snap shot by Ryan Nugent-Hopkins.
6:33 of 1st period - Shot Misses the Net.
6:35 of 1st period - Wrist shot by Ryan Nugent-Hopkins.
6:35 of 1st period - Shot Misses the Net.
6:37 of 1st period - Wrist shot by Blake Wheeler.
6:37 of 1st period - Stopped by Henrik Lundqvist without a rebound.
6:38 of 1st period - Patrik Berglund wins face-off versus Derek Roy in Flames zone.
7:45 of 1st period - Off-side.
7:46 of 1st period - Patrik Berglund wins face-off versus Alexander Steen in neutral zone.
7:48 of 1st period - Off-side.
7:49 of 1st period - Derek Roy wins face-off versus Patrik Berglund in neutral zone.
7:58 of 1st period - Slapshot by Derek Roy.
7:58 of 1st period - Shot Misses the Net.
8:20 of 1st period - Wrist shot by Derek Roy.
8:20 of 1st period - Stopped by Henrik Lundqvist with a rebound.
8:26 of 1st period - Snap shot by Alexander Semin.
8:26 of 1st period - Shot Misses the Net.
8:28 of 1st period - Slapshot by Colby Robak.
8:28 of 1st period - Shot Blocked by Torey Krug.
8:30 of 1st period - Snap shot by Patrik Berglund.
8:30 of 1st period - Shot Misses the Net.
8:36 of 1st period - Slapshot by Alexander Radulov.
8:36 of 1st period - Deflect By Alexander Semin.
8:36 of 1st period - Stopped by Keith Kinkaid with a rebound.
8:38 of 1st period - Wrist shot by Alexander Radulov.
8:38 of 1st period - Shot Hit the Post.
8:40 of 1st period - Wrist shot by Alexander Semin.
8:40 of 1st period - Goal by Alexander Semin - Flames : 1 - Capitals : 0.
8:41 of 1st period - Eric Staal wins face-off versus Ryan Nugent-Hopkins in neutral zone.
8:47 of 1st period - Minor Penalty to Ondrej Palat for Cross-checking.
8:48 of 1st period - Joe Pavelski wins face-off versus Eric Staal in Capitals zone.
9:00 of 1st period - Snap shot by Alexander Radulov.
9:00 of 1st period - Shot Misses the Net.
9:24 of 1st period - Slapshot by Derek Meech.
9:24 of 1st period - Goal by Derek Meech - Flames : 2 - Capitals : 0.
9:25 of 1st period - Eric Staal wins face-off versus Derek Roy in neutral zone.
10:54 of 1st period - Icing by Mike Green.
10:55 of 1st period - Ryan Nugent-Hopkins wins face-off versus Colin Wilson in Capitals zone.
11:10 of 1st period - Slapshot by Jason Pominville.
11:10 of 1st period - Shot Misses the Net.
11:20 of 1st period - Snap shot by Eric Staal.
11:20 of 1st period - Shot Misses the Net.
11:43 of 1st period - Snap shot by Alexander Radulov.
11:43 of 1st period - Shot Blocked by Brent Burns.
11:45 of 1st period - Wrist shot by Brendan Mikkelson.
11:45 of 1st period - Deflect By Brent Burns.
11:45 of 1st period - Stopped by Keith Kinkaid without a rebound.
11:46 of 1st period - Brad Marchand wins face-off versus Derek Roy in Capitals zone.
12:11 of 1st period - Trevor Daley is hit by Alexander Semin and loses puck.
13:19 of 1st period - Slapshot by Eric Staal.
13:19 of 1st period - Shot Misses the Net.
13:21 of 1st period - Slapshot by Christian Folin.
13:21 of 1st period - Shot Blocked by Torey Krug.
13:23 of 1st period - Snap shot by Brendan Mikkelson.
13:23 of 1st period - Stopped by Keith Kinkaid without a rebound.
13:24 of 1st period - Derek Roy wins face-off versus Patrik Berglund in Capitals zone.
13:57 of 1st period - Off-side.
13:58 of 1st period - Ryan Getzlaf wins face-off versus Eric Staal in neutral zone.
14:01 of 1st period - Eric Staal is hit by Joe Pavelski and loses puck.
14:10 of 1st period - Wrist shot by Joe Pavelski.
14:10 of 1st period - Shot Hit the Post.
14:12 of 1st period - Snap shot by Joe Pavelski.
14:12 of 1st period - Stopped by Henrik Lundqvist with a rebound.
15:25 of 1st period - Marc-Édouard Vlasic is hit by Kyle Palmieri.
15:31 of 1st period - Snap shot by Blake Wheeler.
15:31 of 1st period - Stopped by Henrik Lundqvist with a rebound.
16:39 of 1st period - Slapshot by Jason Pominville.
16:39 of 1st period - Deflect By Alexander Steen.
16:39 of 1st period - Stopped by Henrik Lundqvist without a rebound.
16:40 of 1st period - Alexander Steen wins face-off versus Patrik Berglund in Flames zone.
16:45 of 1st period - Slapshot by Derek Roy.
16:45 of 1st period - Stopped by Henrik Lundqvist without a rebound.
16:46 of 1st period - Jason Pominville wins face-off versus Patrik Berglund in Flames zone.
16:47 of 1st period - Snap shot by Derek Roy.
16:47 of 1st period - Stopped by Henrik Lundqvist without a rebound.
16:48 of 1st period - Derek Roy wins face-off versus Patrik Berglund in Flames zone.
17:13 of 1st period - Wrist shot by Patrick Sharp.
17:13 of 1st period - Stopped by Henrik Lundqvist without a rebound.
17:14 of 1st period - Ryan Getzlaf wins face-off versus Eric Staal in Flames zone.
17:55 of 1st period - Slapshot by Joe Pavelski.
17:55 of 1st period - Shot Misses the Net.
17:57 of 1st period - Slapshot by Ryan Getzlaf.
17:57 of 1st period - Shot Blocked by Sami Vatanen.
17:59 of 1st period - Snap shot by Patrick Sharp.
17:59 of 1st period - Stopped by Henrik Lundqvist with a rebound.
18:11 of 1st period - Backhand shot by Ryan Getzlaf.
18:11 of 1st period - Stopped by Henrik Lundqvist with a rebound.
18:13 of 1st period - Slapshot by Ryan Suter.
18:13 of 1st period - Stopped by Henrik Lundqvist with a rebound.
18:15 of 1st period - Slapshot by Patrick Sharp.
18:15 of 1st period - Stopped by Henrik Lundqvist without a rebound.
18:16 of 1st period - Derek Roy wins face-off versus Brad Marchand in Flames zone.
18:50 of 1st period - Wrist shot by Alexander Radulov.
18:50 of 1st period - Stopped by Keith Kinkaid with a rebound.
18:52 of 1st period - Slapshot by Alexander Radulov.
18:52 of 1st period - Shot Misses the Net.
18:54 of 1st period - Wrist shot by Alexander Semin.
18:54 of 1st period - Stopped by Keith Kinkaid without a rebound.
18:55 of 1st period - Derek Roy wins face-off versus Jimmy Hayes in Capitals zone.
19:02 of 1st period - Wrist shot by Alexander Steen.
19:02 of 1st period - Goal by Alexander Steen - Flames : 2 - Capitals : 1.
19:03 of 1st period - Eric Staal wins face-off versus Jason Pominville in neutral zone.
19:08 of 1st period - Slapshot by David Backes.
19:08 of 1st period - Shot Misses the Net.
19:10 of 1st period - Snap shot by David Backes.
19:10 of 1st period - Stopped by Keith Kinkaid with a rebound.
19:12 of 1st period - Snap shot by Erik Johnson.
19:12 of 1st period - Stopped by Keith Kinkaid without a rebound.
19:13 of 1st period - Derek Roy wins face-off versus Eric Staal in Capitals zone.
19:26 of 1st period - Snap shot by David Backes.
19:26 of 1st period - Shot Blocked by Jason Pominville.
Goals for this period are 2 for Flames vs 1 for Capitals.
Shots for this period are 16 for Flames vs 13 for Capitals.
2nd period
0:01 of 2nd period - Patrik Berglund wins face-off versus Jason Pominville in neutral zone.
0:22 of 2nd period - Minor Penalty to Christian Folin for Delaying the game.
0:23 of 2nd period - Patrik Berglund wins face-off versus Patrick Sharp in Flames zone.
1:13 of 2nd period - Icing by Derek Roy.
1:14 of 2nd period - Derek Roy wins face-off versus Colin Wilson in Capitals zone.
1:21 of 2nd period - Alexander Semin is hit by Torey Krug and loses puck.
2:22 of 2nd period - Penalty to Christian Folin is over, Christian Folin is back on ice.
2:32 of 2nd period - Sami Vatanen is hit by Ryan Suter and loses puck.
2:37 of 2nd period - Wrist shot by T.J. Oshie.
2:37 of 2nd period - Stopped by Henrik Lundqvist with a rebound.
3:21 of 2nd period - Alexander Steen is hit by Eric Staal and loses puck.
4:18 of 2nd period - Snap shot by Ryan Nugent-Hopkins.
4:18 of 2nd period - Deflect By Eric Staal.
4:18 of 2nd period - Shot Blocked by Erik Johnson.
4:18 of 2nd period - Puck is out of play.
4:19 of 2nd period - Mikko Koivu wins face-off versus Eric Staal in Flames zone.
4:30 of 2nd period - Wrist shot by T.J. Oshie.
4:30 of 2nd period - Stopped by Henrik Lundqvist without a rebound.
4:31 of 2nd period - Patrik Berglund wins face-off versus Derek Roy in Flames zone.
4:57 of 2nd period - David Backes is hit by Ryan Getzlaf.
5:09 of 2nd period - Snap shot by David Backes.
5:09 of 2nd period - Deflect By Marc-Édouard Vlasic.
5:09 of 2nd period - Stopped by Keith Kinkaid with a rebound.
5:19 of 2nd period - Slapshot by Kyle Palmieri.
5:19 of 2nd period - Stopped by Keith Kinkaid with a rebound.
5:21 of 2nd period - Slapshot by Erik Johnson.
5:21 of 2nd period - Stopped by Keith Kinkaid without a rebound.
5:22 of 2nd period - David Ullstrom wins face-off versus Alexander Steen in Capitals zone.
5:57 of 2nd period - Snap shot by Brad Marchand.
5:57 of 2nd period - Shot Misses the Net.
5:59 of 2nd period - Wrist shot by Christian Folin.
5:59 of 2nd period - Shot Blocked by Torey Krug.
6:34 of 2nd period - Slapshot by Marc-Édouard Vlasic.
6:34 of 2nd period - Shot Hit the Post.
8:14 of 2nd period - Wrist shot by Ryan Nugent-Hopkins.
8:14 of 2nd period - Stopped by Henrik Lundqvist with a rebound.
8:26 of 2nd period - Slapshot by Ondrej Palat.
8:26 of 2nd period - Stopped by Henrik Lundqvist with a rebound.
8:35 of 2nd period - Off-side.
8:36 of 2nd period - Eric Staal wins face-off versus Derek Roy in neutral zone.
9:01 of 2nd period - Torey Krug is hit by Alexander Radulov and loses puck.
9:38 of 2nd period - Minor Penalty to Colby Robak for Hooking.
9:39 of 2nd period - Derek Roy wins face-off versus Patrik Berglund in Flames zone.
9:40 of 2nd period - Wrist shot by Joe Pavelski.
9:40 of 2nd period - Stopped by Henrik Lundqvist with a rebound.
9:42 of 2nd period - Slapshot by Derek Roy.
9:42 of 2nd period - Goal by Derek Roy - Flames : 2 - Capitals : 2.
9:43 of 2nd period - Derek Roy wins face-off versus Eric Staal in neutral zone.
10:54 of 2nd period - Wrist shot by T.J. Oshie.
10:54 of 2nd period - Shot Misses the Net.
10:59 of 2nd period - Off-side.
11:00 of 2nd period - Eric Staal wins face-off versus Mikko Koivu in neutral zone.
11:49 of 2nd period - Snap shot by David Backes.
11:49 of 2nd period - Stopped by Keith Kinkaid without a rebound.
11:50 of 2nd period - Patrik Berglund wins face-off versus Derek Roy in Capitals zone.
11:51 of 2nd period - Wrist shot by Alexander Semin.
11:51 of 2nd period - Stopped by Keith Kinkaid without a rebound.
11:52 of 2nd period - Patrik Berglund wins face-off versus Derek Roy in Capitals zone.
12:08 of 2nd period - Wrist shot by Colby Robak.
12:08 of 2nd period - Stopped by Keith Kinkaid without a rebound.
12:09 of 2nd period - Eric Staal wins face-off versus Ryan Getzlaf in Capitals zone.
12:16 of 2nd period - Snap shot by Eric Staal.
12:16 of 2nd period - Stopped by Keith Kinkaid without a rebound.
12:17 of 2nd period - Ryan Getzlaf wins face-off versus Eric Staal in Capitals zone.
12:51 of 2nd period - Snap shot by Ryan Getzlaf.
12:51 of 2nd period - Shot Misses the Net.
13:29 of 2nd period - Snap shot by David Backes.
13:29 of 2nd period - Stopped by Keith Kinkaid with a rebound.
13:31 of 2nd period - Slapshot by Erik Johnson.
13:31 of 2nd period - Stopped by Keith Kinkaid with a rebound.
13:33 of 2nd period - Slapshot by Eric Staal.
13:33 of 2nd period - Shot Blocked by Torey Krug.
13:35 of 2nd period - Snap shot by David Backes.
13:35 of 2nd period - Stopped by Keith Kinkaid with a rebound.
14:17 of 2nd period - Slapshot by Eric Staal.
14:17 of 2nd period - Shot Blocked by Ryan Getzlaf.
14:19 of 2nd period - Snap shot by Brad Marchand.
14:19 of 2nd period - Shot Blocked by Joe Pavelski.
14:21 of 2nd period - Wrist shot by Brad Marchand.
14:21 of 2nd period - Shot Misses the Net.
14:23 of 2nd period - Slapshot by Sami Vatanen.
14:23 of 2nd period - Stopped by Keith Kinkaid with a rebound.
14:25 of 2nd period - Wrist shot by Brad Marchand.
14:25 of 2nd period - Shot Misses the Net.
15:34 of 2nd period - Wrist shot by Eric Staal.
15:34 of 2nd period - Stopped by Keith Kinkaid without a rebound.
15:35 of 2nd period - Patrik Berglund wins face-off versus Derek Roy in Capitals zone.
15:36 of 2nd period - Snap shot by Alexander Radulov.
15:36 of 2nd period - Deflect By Patrik Berglund.
15:36 of 2nd period - Shot Blocked by Derek Roy.
15:36 of 2nd period - Puck is out of play.
15:37 of 2nd period - Patrik Berglund wins face-off versus Derek Roy in Capitals zone.
15:46 of 2nd period - Wrist shot by Alexander Radulov.
15:46 of 2nd period - Deflect By Patrik Berglund.
15:46 of 2nd period - Stopped by Keith Kinkaid without a rebound.
15:47 of 2nd period - Patrik Berglund wins face-off versus Derek Roy in Capitals zone.
15:52 of 2nd period - Snap shot by Alexander Radulov.
15:52 of 2nd period - Shot Misses the Net.
15:54 of 2nd period - Slapshot by Colby Robak.
15:54 of 2nd period - Stopped by Keith Kinkaid without a rebound.
15:55 of 2nd period - Alexander Semin wins face-off versus Jason Pominville in Capitals zone.
15:56 of 2nd period - Wrist shot by Alexander Radulov.
15:56 of 2nd period - Stopped by Keith Kinkaid without a rebound.
15:57 of 2nd period - Patrik Berglund wins face-off versus Derek Roy in Capitals zone.
16:14 of 2nd period - Snap shot by Patrik Berglund.
16:14 of 2nd period - Stopped by Keith Kinkaid without a rebound.
16:15 of 2nd period - Colin Wilson wins face-off versus Ryan Nugent-Hopkins in Capitals zone.
16:16 of 2nd period - Snap shot by Steve Regier.
16:16 of 2nd period - Stopped by Keith Kinkaid without a rebound.
16:17 of 2nd period - Colin Wilson wins face-off versus Ryan Nugent-Hopkins in Capitals zone.
16:23 of 2nd period - Minor Penalty to Ondrej Palat for Delaying the game.
16:24 of 2nd period - Mikko Koivu wins face-off versus David Ullstrom in Capitals zone.
16:55 of 2nd period - Off-side.
16:56 of 2nd period - Ryan Nugent-Hopkins wins face-off versus Eric Staal in neutral zone.
18:23 of 2nd period - Penalty to Ondrej Palat is over, Ondrej Palat is back on ice.
19:00 of 2nd period - Brent Burns is hit by Jimmy Hayes and loses puck.
19:25 of 2nd period - Colby Robak is hit by Alexander Steen and loses puck.
19:46 of 2nd period - David Ullstrom is hit by T.J. Oshie and loses puck.
Goals for this period are 0 for Flames vs 1 for Capitals.
Shots for this period are 17 for Flames vs 6 for Capitals.
3rd period
0:01 of 3rd period - Derek Roy wins face-off versus Patrik Berglund in neutral zone.
0:26 of 3rd period - Minor Penalty to Blake Wheeler for Holding.
0:27 of 3rd period - Joe Pavelski wins face-off versus Eric Staal in Capitals zone.
0:31 of 3rd period - Off-side.
0:32 of 3rd period - Eric Staal wins face-off versus Joe Pavelski in neutral zone.
1:09 of 3rd period - Slapshot by Patrick Sharp.
1:09 of 3rd period - Shot Misses the Net.
1:39 of 3rd period - Wrist shot by Alexander Steen.
1:39 of 3rd period - Shot Misses the Net.
2:26 of 3rd period - Penalty to Blake Wheeler is over, Blake Wheeler is back on ice.
2:42 of 3rd period - Blake Wheeler is hit by Kyle Palmieri.
2:43 of 3rd period - Icing by Blake Wheeler.
2:44 of 3rd period - Ryan Nugent-Hopkins wins face-off versus Anders Lee in Capitals zone.
2:49 of 3rd period - Kyle Palmieri is hit by Blake Wheeler and loses puck.
2:57 of 3rd period - Minor Penalty to Mike Green for Slashing.
2:58 of 3rd period - Eric Staal wins face-off versus Joe Pavelski in Capitals zone.
3:11 of 3rd period - Snap shot by Alexander Semin.
3:11 of 3rd period - Stopped by Keith Kinkaid with a rebound.
4:05 of 3rd period - Icing by Derek Meech.
4:06 of 3rd period - Joe Pavelski wins face-off versus Eric Staal in Flames zone.
4:13 of 3rd period - Joe Pavelski is hit by Alexander Semin.
4:27 of 3rd period - Snap shot by Eric Staal.
4:27 of 3rd period - Stopped by Keith Kinkaid without a rebound.
4:28 of 3rd period - Patrik Berglund wins face-off versus Derek Roy in Capitals zone.
4:39 of 3rd period - Slapshot by Patrik Berglund.
4:39 of 3rd period - Shot Misses the Net.
4:41 of 3rd period - Slapshot by Brad Marchand.
4:41 of 3rd period - Shot Hit the Post.
4:43 of 3rd period - Wrist shot by Brad Marchand.
4:43 of 3rd period - Deflect By Patrik Berglund.
4:43 of 3rd period - Shot Misses the Net.
4:43 of 3rd period - Puck is out of play.
4:44 of 3rd period - Joe Pavelski wins face-off versus Patrik Berglund in Capitals zone.
4:57 of 3rd period - Penalty to Mike Green is over, Mike Green is back on ice.
5:47 of 3rd period - Mikko Koivu is hit by Colin Wilson and loses puck.
5:52 of 3rd period - Wrist shot by Colin Wilson.
5:52 of 3rd period - Deflect By Steve Regier.
5:52 of 3rd period - Stopped by Keith Kinkaid with a rebound.
5:54 of 3rd period - Slapshot by Colin Wilson.
5:54 of 3rd period - Shot Misses the Net.
7:24 of 3rd period - Snap shot by Brad Marchand.
7:24 of 3rd period - Shot Blocked by Marc-Édouard Vlasic.
7:26 of 3rd period - Slapshot by Erik Johnson.
7:26 of 3rd period - Shot Blocked by Marc-Édouard Vlasic.
7:28 of 3rd period - Snap shot by Brad Marchand.
7:28 of 3rd period - Stopped by Keith Kinkaid without a rebound.
7:29 of 3rd period - Patrik Berglund wins face-off versus Ryan Getzlaf in Capitals zone.
7:30 of 3rd period - Snap shot by Alexander Radulov.
7:30 of 3rd period - Stopped by Keith Kinkaid with a rebound.
8:20 of 3rd period - Icing by Erik Johnson.
8:21 of 3rd period - Derek Roy wins face-off versus Anders Lee in Flames zone.
8:32 of 3rd period - Slapshot by Derek Roy.
8:32 of 3rd period - Stopped by Henrik Lundqvist without a rebound.
8:33 of 3rd period - Derek Roy wins face-off versus Patrik Berglund in Flames zone.
8:34 of 3rd period - Snap shot by Jason Pominville.
8:34 of 3rd period - Deflect By Derek Roy.
8:34 of 3rd period - Stopped by Henrik Lundqvist without a rebound.
8:35 of 3rd period - Patrik Berglund wins face-off versus Derek Roy in Flames zone.
8:44 of 3rd period - Snap shot by Alexander Steen.
8:44 of 3rd period - Shot Misses the Net.
9:14 of 3rd period - Slapshot by Ryan Nugent-Hopkins.
9:14 of 3rd period - Shot Misses the Net.
9:16 of 3rd period - Backhand shot by Trevor Daley.
9:16 of 3rd period - Shot Misses the Net.
9:33 of 3rd period - Icing by Joe Pavelski.
9:34 of 3rd period - Ryan Getzlaf wins face-off versus Patrik Berglund in Capitals zone.
9:39 of 3rd period - Backhand shot by Ryan Getzlaf.
9:39 of 3rd period - Stopped by Henrik Lundqvist with a rebound.
9:41 of 3rd period - Slapshot by Patrick Sharp.
9:41 of 3rd period - Shot Misses the Net.
9:43 of 3rd period - Slapshot by Patrick Sharp.
9:43 of 3rd period - Shot Blocked by Alexander Semin.
9:45 of 3rd period - Wrist shot by Joe Pavelski.
9:45 of 3rd period - Shot Blocked by Patrik Berglund.
9:47 of 3rd period - Wrist shot by Patrick Sharp.
9:47 of 3rd period - Shot Misses the Net.
10:23 of 3rd period - Backhand shot by Alexander Semin.
10:23 of 3rd period - Shot Misses the Net.
10:39 of 3rd period - Wrist shot by Joe Pavelski.
10:39 of 3rd period - Stopped by Henrik Lundqvist with a rebound.
10:41 of 3rd period - Wrist shot by Patrick Sharp.
10:41 of 3rd period - Stopped by Henrik Lundqvist with a rebound.
10:43 of 3rd period - Snap shot by Mike Green.
10:43 of 3rd period - Shot Blocked by Alexander Radulov.
10:57 of 3rd period - Wrist shot by Joe Pavelski.
10:57 of 3rd period - Shot Blocked by Erik Johnson.
10:59 of 3rd period - Backhand shot by Patrick Sharp.
10:59 of 3rd period - Stopped by Henrik Lundqvist without a rebound.
11:00 of 3rd period - Derek Roy wins face-off versus Eric Staal in Flames zone.
11:01 of 3rd period - Snap shot by Alexander Steen.
11:01 of 3rd period - Stopped by Henrik Lundqvist with a rebound.
11:27 of 3rd period - Steve Regier is hit by Blake Wheeler and loses puck.
11:52 of 3rd period - Wrist shot by T.J. Oshie.
11:52 of 3rd period - Stopped by Henrik Lundqvist with a rebound.
12:21 of 3rd period - Minor Penalty to Blake Wheeler for Hooking.
12:22 of 3rd period - Joe Pavelski wins face-off versus Patrik Berglund in Capitals zone.
13:46 of 3rd period - Mikko Koivu is hit by Eric Staal and loses puck.
14:01 of 3rd period - Trevor Daley is hit by Jimmy Hayes and loses puck.
14:21 of 3rd period - Penalty to Blake Wheeler is over, Blake Wheeler is back on ice.
14:22 of 3rd period - Patrick Sharp is hit by David Ullstrom and loses puck.
14:36 of 3rd period - Off-side.
14:37 of 3rd period - Ryan Nugent-Hopkins wins face-off versus Anders Lee in neutral zone.
15:50 of 3rd period - Minor Penalty to David Backes for Hooking.
15:51 of 3rd period - Derek Roy wins face-off versus Colin Wilson in Flames zone.
17:50 of 3rd period - Penalty to David Backes is over, David Backes is back on ice.
17:56 of 3rd period - Steve Regier is hit by Ryan Nugent-Hopkins and loses puck.
18:19 of 3rd period - Brendan Mikkelson is hit by Ryan Getzlaf.
19:05 of 3rd period - Icing by Marc-Édouard Vlasic.
19:06 of 3rd period - Eric Staal wins face-off versus Mikko Koivu in Capitals zone.
19:19 of 3rd period - Off-side.
19:20 of 3rd period - Derek Roy wins face-off versus Colin Wilson in neutral zone.
Goals for this period are 0 for Flames vs 0 for Capitals.
Shots for this period are 5 for Flames vs 8 for Capitals.
Overtime #1
0:01 of 1st overtime period - Eric Staal wins face-off versus Joe Pavelski in neutral zone.
0:16 of 1st overtime period - Off-side.
0:17 of 1st overtime period - Joe Pavelski wins face-off versus Eric Staal in neutral zone.
1:22 of 1st overtime period - Icing by Joe Pavelski.
1:23 of 1st overtime period - Joe Pavelski wins face-off versus Eric Staal in Capitals zone.
1:40 of 1st overtime period - Snap shot by Jason Pominville.
1:40 of 1st overtime period - Stopped by Henrik Lundqvist without a rebound.
1:41 of 1st overtime period - Brad Marchand wins face-off versus Jason Pominville in Flames zone.
2:12 of 1st overtime period - Off-side.
2:13 of 1st overtime period - Eric Staal wins face-off versus Joe Pavelski in neutral zone.
2:24 of 1st overtime period - Slapshot by Joe Pavelski.
2:24 of 1st overtime period - Shot Blocked by Eric Staal.
2:26 of 1st overtime period - Wrist shot by Joe Pavelski.
2:26 of 1st overtime period - Deflect By Derek Meech.
2:26 of 1st overtime period - Shot Blocked by Derek Meech.
2:26 of 1st overtime period - Puck is out of play.
2:27 of 1st overtime period - Eric Staal wins face-off versus Joe Pavelski in Flames zone.
2:45 of 1st overtime period - Off-side.
2:46 of 1st overtime period - Joe Pavelski wins face-off versus Eric Staal in neutral zone.
3:04 of 1st overtime period - Icing by Sami Vatanen.
3:05 of 1st overtime period - Joe Pavelski wins face-off versus Eric Staal in Flames zone.
3:47 of 1st overtime period - Off-side.
3:48 of 1st overtime period - Jason Pominville wins face-off versus Eric Staal in neutral zone.
4:32 of 1st overtime period - Brad Marchand is hit by Blake Wheeler and loses puck.
Goals for this period are 0 for Flames vs 0 for Capitals.
Shots for this period are 0 for Flames vs 1 for Capitals.
ShootOut
5:00 of 1st overtime period - Round #1.
5:00 of 1st overtime period - Flames, Eric Staal.
5:00 of 1st overtime period - Deke by Eric Staal.
5:00 of 1st overtime period - Stopped by Keith Kinkaid.
5:00 of 1st overtime period - Capitals, Joe Pavelski.
5:00 of 1st overtime period - Snap shot by Joe Pavelski.
5:00 of 1st overtime period - Stopped by Henrik Lundqvist.
5:00 of 1st overtime period - Round #2.
5:00 of 1st overtime period - Flames, Alexander Semin.
5:00 of 1st overtime period - Deke by Alexander Semin.
5:00 of 1st overtime period - Stopped by Keith Kinkaid.
5:00 of 1st overtime period - Capitals, Derek Roy.
5:00 of 1st overtime period - Deke by Derek Roy.
5:00 of 1st overtime period - Stopped by Henrik Lundqvist.
5:00 of 1st overtime period - Round #3.
5:00 of 1st overtime period - Flames, David Backes.
5:00 of 1st overtime period - Wrist shot by David Backes.
5:00 of 1st overtime period - Stopped by Keith Kinkaid.
5:00 of 1st overtime period - Capitals, Jason Pominville.
5:00 of 1st overtime period - Snap shot by Jason Pominville.
5:00 of 1st overtime period - Stopped by Henrik Lundqvist.
5:00 of 1st overtime period - Round #4.
5:00 of 1st overtime period - Flames, Brad Marchand.
5:00 of 1st overtime period - Backhand shot by Brad Marchand.
5:00 of 1st overtime period - Stopped by Keith Kinkaid.
5:00 of 1st overtime period - Capitals, Patrick Sharp.
5:00 of 1st overtime period - Wrist shot by Patrick Sharp.
5:00 of 1st overtime period - Shot Misses the Net.
5:00 of 1st overtime period - Round #5.
5:00 of 1st overtime period - Flames, Patrik Berglund.
5:00 of 1st overtime period - Snap shot by Patrik Berglund.
5:00 of 1st overtime period - Goal by Patrik Berglund.
5:00 of 1st overtime period - Capitals, Ryan Getzlaf.
5:00 of 1st overtime period - Deke by Ryan Getzlaf.
5:00 of 1st overtime period - Stopped by Henrik Lundqvist.